Map: Ever Dream LE

Players

Serral - Winner!

  • Race: Zerg Zerg
  • Spawn Location: 7:00

llllllllllll (sOs)

  • Race: Protoss Protoss
  • League: Master
  • Spawn Location: 1:00

Event: War Chest Team League

VOD

https://youtu.be/ZMY08Tx5N0c

Description

Time

  • Played on: Aug. 7, 2020, 7:26 a.m.
  • Length: 12:25
Show
View Real Time Build Order
Export as new Build Order

Serral Zerg - Winner!

Build Orders: Hatch First 

Get SALT Encoding   

  12  0:00  Drone  
  13  0:11  Overlord  
  13  0:16  Drone  
  14  0:30  Drone x2  
  16  0:47  Hatchery  
  15  0:50  Drone  
  15  0:54  Drone  
  17  0:57  Drone  
  18  1:08  Extractor  
  17  1:15  Spawning Pool  
  16  1:19  Drone  
  16  1:23  Drone  
  18  1:30  Drone  
  19  1:34  Extractor  
  19  1:39  Drone  
  19  1:50  Drone  
  20  2:03  Queen  
  20  2:04  Roach Warren  
  21  2:14  Spine Crawler  
  20  2:18  Drone  
  21  2:25  Overlord  
  21  2:29  Zergling x2  
  24  2:46  Roach x3  
  28  2:54  Queen  
  30  3:00  Roach  
  32  3:06  Overlord  
  32  3:09  Ravager  
  32  3:11  Ravager x2  
  35  3:18  Overlord  
  37  3:27  Roach  
  37  3:33  Queen  
  38  3:37  Zergling x2, Ravager  
  40  3:47  Zergling x4  
  40  4:04  Roach x2  
  43  4:10  Queen  
  43  4:14  Extractor  
  40  4:25  Roach x2  
  43  4:41  Overlord  
  43  4:47  Overlord  
  43  5:07  Ravager x2  
  43  5:09  Drone x3  
  43  5:13  Hatchery  
  47  5:21  Lair  
  47  5:29  Overlord  
  47  5:36  Metabolic Boost  
  47  5:55  Drone x5  
  52  6:04  Drone  
  53  6:17  Zergling x2  
  54  6:18  Overlord  
  54  6:20  Overseer  
  54  6:23  Glial Reconstitution  
  54  6:27  Zergling x6  
  54  6:30  Drone  
  58  6:38  Drone  
  59  6:41  Drone  
  59  6:42  Drone x2  
  59  6:43  Drone  
  60  6:51  Overlord  
  60  6:54  Drone  
  63  7:10  Spire  
  63  7:12  Hatchery  
  59  7:18  Overseer  
  59  7:21  Drone x4  
  62  7:24  Drone  
  62  7:26  Drone  
  62  7:28  Drone  
  63  7:30  Drone  
  63  7:32  Drone  
  63  7:36  Extractor, Drone  
  65  7:37  Extractor  
  65  7:40  Drone x2  
  66  7:45  Drone x2  
  66  7:50  Drone x2  
  70  7:53  Drone  
  70  7:57  Overlord  
  71  8:00  Zergling x6  
  71  8:01  Zergling x2  
  75  8:12  Overlord  
  75  8:14  Overlord  
  75  8:15  Overlord  
  75  8:29  Corruptor x3  
  81  8:39  Corruptor x2  
  82  8:42  Drone x2  
  82  8:43  Drone  
  82  8:45  Drone  
  82  8:47  Drone  
  87  8:49  Drone x2  
  89  8:57  Baneling Nest  
  89  8:59  Ravager x2, Evolution Chamber  
  89  9:01  Drone x3  
  92  9:09  Overlord  
  91  9:18  Drone x2  
  91  9:20  Drone x2  
  91  9:24  Drone x2  
  91  9:27  Zerg Melee Weapons Level 1  
  91  9:30  Drone x6  
  99  9:41  Hatchery  
  99  9:43  Centrifical Hooks  
  98  9:47  Extractor, Zerg Flyer Weapons Level 1  
  97  9:54  Roach  
  97  9:55  Roach x2  
  103  10:00  Corruptor  
  103  10:01  Corruptor  
  109  10:07  Roach  
  109  10:10  Overlord x2  
  109  10:13  Zergling x8, Unknown  
  112  10:20  Zergling x6, Spore Crawler  
  114  10:27  Overlord  
  114  10:29  Corruptor x2  
  118  10:37  Drone x3  
  118  10:38  Drone x4  
  125  10:46  Overlord  
  125  10:47  Ravager x3  
  125  10:49  Corruptor  
  129  10:50  Ravager, Corruptor  
  129  10:52  Zergling x4  
  134  10:58  Zergling x8  
  134  11:02  Overlord  
  134  11:03  Overlord  
  138  11:08  Overlord  
  138  11:12  Zergling x12  
  143  11:23  Zergling x14  
  149  11:31  Drone x3  
  149  11:32  Drone  
  152  11:37  Corruptor  
  152  11:38  Corruptor x2  
  158  11:41  Spore Crawler  
  158  11:43  Spore Crawler  
  156  11:49  Drone  
  156  11:51  Baneling x6  
  157  11:55  Corruptor  
  153  12:04  Zergling x22  
Show
View Real Time Build Order
Export as new Build Order

llllllllllll Protoss 

Build Orders:  

Get SALT Encoding   

  12  0:00  Probe (Chrono Boost)  
  13  0:10  Probe (Chrono Boost)  
  14  0:15  Probe (Chrono Boost)  
  15  0:21  Pylon  
  15  0:39  Probe  
  15  0:41  Forge  
  16  0:52  Probe  
  17  1:01  Pylon  
  17  1:06  Pylon  
  17  1:07  Pylon  
  17  1:20  Photon Cannon  
  17  1:22  Gateway  
  17  1:30  Pylon  
  17  1:32  Pylon  
  17  1:38  Assimilator, Probe  
  18  1:43  Photon Cannon  
  18  1:51  Gateway  
  18  2:02  Photon Cannon  
  18  2:14  Cybernetics Core  
  18  2:17  Pylon  
  18  2:34  Photon Cannon  
  18  2:49  Stalker x2 (Chrono Boost)  
  22  2:58  Photon Cannon  
  22  3:06  Shield Battery  
  22  3:17  Shield Battery  
  24  3:31  Stalker (Chrono Boost)  
  24  3:32  Stalker (Chrono Boost)  
  26  3:45  Shield Battery  
  24  4:06  Probe  
  29  4:14  Shield Battery  
  29  4:20  Probe  
  30  4:32  Probe  
  30  4:36  Assimilator  
  29  4:39  Pylon  
  29  4:44  Robotics Facility  
  27  4:54  Warp Gate  
  27  4:57  Shield Battery, Probe  
  28  5:01  Pylon  
  28  5:09  Probe  
  29  5:21  Probe  
  30  5:26  Gateway  
  30  5:29  Warp Prism (Chrono Boost)  
  30  5:33  Robotics Bay  
  32  5:37  Probe  
  33  5:55  Probe  
  34  5:58  Observer  
  35  6:10  Probe  
  36  6:16  Pylon  
  36  6:18  Disruptor (Chrono Boost)  
  36  6:19  Gravitic Drive  
  36  6:25  Nexus  
  39  6:34  Probe  
  40  6:47  Disruptor  
  40  6:49  Probe  
  40  6:51  Pylon  
  44  7:06  Nexus  
  44  7:07  Probe  
  45  7:19  Probe, Zealot  
  48  7:24  Observer  
  48  7:30  Stargate  
  48  7:31  Probe  
  48  7:36  Shield Battery  
  49  7:38  Assimilator  
  49  7:42  Probe  
  49  7:43  Probe  
  51  7:57  Stalker  
  51  7:58  Assimilator  
  53  8:00  Probe  
  53  8:02  Probe  
  55  8:14  Phoenix  
  55  8:19  Observer  
  57  8:23  Probe  
  57  8:25  Probe  
  59  8:31  Stargate  
  59  8:35  Probe  
  59  8:37  Probe  
  61  8:41  Phoenix  
  63  8:52  Probe  
  63  8:53  Probe  
  65  9:04  Probe  
  65  9:06  Phoenix (Chrono Boost)  
  69  9:10  Probe  
  69  9:11  Pylon  
  69  9:20  Probe  
  69  9:21  Protoss Air Weapons Level 1  
  65  9:25  Phoenix (Chrono Boost)  
  65  9:28  Phoenix (Chrono Boost)  
  66  9:32  Probe x2  
  66  9:37  Probe  
  69  9:38  Assimilator  
  69  9:40  Assimilator  
  69  9:41  Twilight Council  
  69  9:42  Gateway  
  69  9:44  Probe  
  70  9:46  Gateway  
  70  9:47  Probe  
  70  9:48  Gateway  
  70  9:52  Shield Battery  
  71  9:54  Stalker  
  71  9:59  Photon Cannon, Phoenix  
  75  10:02  Probe  
  75  10:03  Probe  
  77  10:17  Probe  
  78  10:22  Pylon  
  78  10:24  Gateway  
  78  10:27  Gateway  
  78  10:28  Phoenix (Chrono Boost)  
  80  10:29  Phoenix (Chrono Boost)  
  80  10:30  Zealot  
  80  10:32  Shield Battery  
  84  10:39  Pylon  
  84  10:40  Pylon, Probe  
  84  10:41  Pylon  
  85  10:45  Charge (Chrono Boost)  
  85  10:49  Immortal  
  89  10:50  Zealot  
  89  10:51  Zealot  
  89  10:52  Probe  
  89  10:55  Phoenix (Chrono Boost)  
  92  11:16  Phoenix  
  92  11:18  Phoenix  
  90  11:20  Zealot x4  
  93  11:40  Phoenix  
  93  11:43  Phoenix  
  97  11:48  Zealot x3  
  102  11:54  Dark Shrine  
  92  12:05  Zealot  
  92  12:06  Zealot x2  
Tags
 
Add a new tag
Caveats
  • Supply blocks, unpowered buildings, or Contaminate may cause inaccurate times.
  • Supply counts are checked every 10 seconds.